 Dungeon Crawl Stone Soup version 0.32-a0-898-g7811c86cf0 (webtiles) character file.

Game seed: 13208391686794454263

182 retardedninja the Trooper (level 5, -1/43 HPs)
             Began as a Coglin Fighter on Apr 2, 2024.
             Slain by a kobold brigand
             ... wielding a +0 club
              (4 damage)
             ... in a sewer on Apr 4, 2024.
             The game lasted 00:07:51 (2068 turns).

retardedninja the Trooper (Coglin Fighter)          Turns: 2068, Time: 00:07:51

Health: -1/43      AC:  9    Str: 18    XL:     5   Next: 62%
Magic:  5/5        EV:  6    Int:  7    God:
Gold:   121        SH:  0    Dex: 14    Spells: 4/4 levels left

rFire   . . .        a - +0 war axe {Ælfric}
rCold   . . .        d - +1 flail (protect) {Aiguo}
rNeg    . . .        p - +0 chain mail
rPois   .            (no helmet)
rElec   .            (no cloak)
rCorr   .            (no gloves)
SInv    .            (no boots)
Will    .....        (amulet unavailable) Stlth
                     (ring unavailable)
HPRegen 0.27/turn    (ring unavailable)
MPRegen 0.09/turn    (no gizmo)

%: no passive effects
@: slowed, revving, very slow
A: off-hand wielding, slow wielding, warmup strikes, no jewellery, subdued magic
1
a: Invent Gizmo


You were in a sewer.
You visited 1 branch of the dungeon, and saw 3 of its levels.
You also visited: Sewer.

You collected 121 gold pieces.

Inventory:

Hand Weapons
 a - a +0 war axe (weapon) {Ælfric}
 d - a +1 flail of protection (offhand) {Aiguo}
Armour
 p - a +0 chain mail (worn)
Scrolls
 c - a scroll of teleportation
 g - 2 scrolls of revelation {unknown}
 i - a scroll of fog {unknown}
 k - a scroll of torment {unknown}
 l - a scroll of poison {unknown}
 m - a scroll of enchant weapon {unknown}
 o - 2 scrolls of amnesia {unknown}
Potions
 h - a potion of attraction
 n - a potion of resistance {unknown}


   Skills:
 * Level 4.5 Fighting
 * Level 3.8 Axes
 + Level 3.4 Armour
 - Level 2.1 Shields


You had 4 spell levels left.
You didn't know any spells.
Your spell library contained the following spells:

 Spells                   Type           Power      Damage    Failure   Level
 Passwall                 Erth           0%         N/A       100%        3
 Volatile Blastmotes      Fire/Tloc      0%         2d10      100%        3
 Brom's Barrelling Bould  Conj/Erth      0%         2d3       100%        4
 Vhi's Electric Charge    Tloc/Air       0%         N/A       100%        4
 Fireball                 Conj/Fire      0%         3d3       100%        5
 Iskenderun's Battlesphe  Conj           0%         2d6       100%        5
 Bombard                  Conj/Erth      0%         9d1       100%        6
 Conjure Ball Lightning   Conj/Air       0%         3x3d6     100%        6
 Orb of Destruction       Conj           0%         9d5       100%        7


Dungeon Overview and Level Annotations

Branches:
Dungeon (3/15)              Sewer (1/1)

Altars:

Shops:
D:1 (!


Innate Abilities, Weirdness & Mutations

You can wield a second weapon in your off-hand.
It takes a long time for you to wield or remove held weapons.
Your first few attacks do less damage.
You cannot equip rings or amulets.
Your spells are a little easier to cast, but a little less powerful.


Message History

A kobold comes into view. It is wielding a +0 dagger.
You feel sick.
The kobold brigand shouts!
The kobold brigand throws a poisoned dart.
The poisoned dart barely misses you.
Found a potion of curing.
You feel sick.
Found a scroll labelled XOLEZ ESEIDU.
You feel sick. The kobold brigand barely misses you.
The kobold brigand throws a curare-tipped dart.
The curare-tipped dart hits you.
You are more poisoned.
You have difficulty breathing.
You feel yourself slow down.
You feel extremely sick.
The kobold brigand hits you but does no damage. x2
You slash the kobold brigand with your +0 war axe!
The kobold brigand is heavily wounded.
You closely miss the kobold brigand with your +0 war axe.
You completely miss the kobold brigand with your +1 flail of protection.
You feel very sick.
The kobold brigand hits you with a +0 club.
The kobold brigand hits you with a +0 short sword of speed. x2
The kobold brigand hits you but does no damage. x2
You feel better.
The kobold brigand hits you but does no damage.
The kobold brigand hits you with a +0 short sword of speed.
The kobold brigand hits you but does no damage.
The kobold brigand barely misses you.
You barely miss the kobold brigand with your +1 flail of protection.
You miss the kobold brigand with your +0 war axe.
You closely miss the kobold brigand with your +0 war axe.
The kobold brigand hits you with a +0 short sword of speed. x2
* * * LOW HITPOINT WARNING * * *
The kobold brigand hits you with a +0 club!
* * * LOW HITPOINT WARNING * * *
The kobold brigand hits you but does no damage. x2
It was a potion of mutation.
You feel extremely strange.
Your connection to magic feels subdued.
The kobold brigand hits you but does no damage.
The kobold brigand hits you with a +0 club.
You die...

#...∩.# ..~ ##.~.## #~#
##~## #~# #~# #~# #)#
##~## ##~## # ##...##
##.~~##
.?..####.....#####~...~#
.~!..KK@K....)~~~~...~~#
...#####..~.~#####.....#
##~..## ##~..## #####
#####


You could see 2 kobold brigands and a kobold.

Vanquished Creatures
  A kobold brigand (Sewer)
  Terence (D:2)
  3 adders
  A dart slug (D:2)
  A ribbon worm (D:2)
  8 endoplasms
  4 goblins
  6 hobgoblins
  3 jackals (D:1)
  A quokka (D:3)
  4 ball pythons
  8 bats
  4 frilled lizards
  4 kobolds
  7 rats
56 creatures vanquished.

Notes
Turn   | Place    | Note
-------+----------+-------------------------------------------
     0 | D:1      | retardedninja the Coglin Fighter began the quest for the
                  | Orb.
     0 | D:1      | Reached XP level 1. HP: 18/18 MP: 1/1
   110 | D:1      | Reached XP level 2. HP: 24/24 MP: 2/2
   114 | D:1      | Found a faded altar of an unknown god.
   286 | D:1      | Upgraded the game from 0.32-a0-886-g41c5271027 to
                  | 0.32-a0-898-g7811c86cf0
   442 | D:1      | Found Ylacit's Weapon Emporium.
   549 | D:1      | Found Eptegito's Distillery.
   649 | D:1      | Reached XP level 3. HP: 29/29 MP: 3/3
  1236 | D:2      | Reached XP level 4. HP: 18/37 MP: 4/4
  1454 | D:2      | Noticed Terence
  1465 | D:2      | Killed Terence
  1466 | D:2      | Reached skill level 4 in Fighting
  1974 | D:3      | Found a glowing drain.
  1987 | Sewer    | Entered a sewer
  1989 | Sewer    | Noticed a kobold brigand
  2003 | Sewer    | Killed a kobold brigand
  2004 | Sewer    | Reached XP level 5. HP: 33/43 MP: 5/5
  2058 | Sewer    | Noticed a kobold brigand
  2060 | Sewer    | Noticed a kobold brigand
  2068 | Sewer    | Gained mutation: Your spells are a little easier to cast,
                  | but a little less powerful. [potion of mutation]
  2068 | Sewer    | Slain by a kobold brigand

Illustrated notes

Levels and vault maps discovered:
D:1:      dpeg_arrival_lava_temple_mockup, layout_loops_ring,
          chequers_ecumenical_altar_simple, serial_shops, nicolae_square_shop,
          nicolae_shop_window_shopping, hangedman_abyss_or_decor_lesser_grid,
          eino_curves_02
D:2:      layout_loops_corners, chequers_garden, uniq_terence
D:3:      layout_loops_cross, portal_sewer_entry_d, nicolae_figureground_pulse,
          uniq_ijyb
Sewer:    sewer_co_15_rooms

Skill      XL: |  1  2  3  4 |
---------------+-------------+-----
Armour         | 3 |  3.4
Axes           | 3 |  3.8
Fighting       | 4 |  4.5
Shields        | |  2.1

Action                     |  1- 3 |  4- 6 || total
---------------------------+-------+-------++-------
  Melee: War axe           |    94 |    43 ||   137
         Flail             |       |    26 ||    26
    Use: Scroll            |       |     3 ||     3
         Potion            |       |     3 ||     3
 Armour: Scale mail        |    21 |       ||    21
         Chain mail        |    81 |    57 ||   138
  Dodge: Dodged            |    63 |    21 ||    84

Table legend: (Time is in decaauts)
 A = Elapsed time spent in this place.
 B = Non-inter-level travel time spent in this place.
 C = Inter-level travel time spent in this place.
 D = Time resting spent in this place.
 E = Time spent auto-exploring this place.
 F = Levels seen in this place.
 G = Mean time per level.
                   A        B        C        D        E       F      G
               +--------+--------+--------+--------+--------+-----+--------+
         Total |   2131 |   2092 |     39 |      0 |   1454 |   4 |  532.8 |
       Dungeon |   2035 |   1996 |     39 |      0 |   1411 |   3 |  678.3 |
         Sewer |     96 |     96 |      0 |      0 |     43 |   1 |   96.0 |
               +--------+--------+--------+--------+--------+-----+--------+

Top non-repeatable levels by time:
     D:2: 1105 daAuts
     D:1: 766 daAuts
     D:3: 163 daAuts
   Sewer: 96 daAuts
